 Dungeon Crawl Stone Soup version 0.21.0 (webtiles) character file.

91 Tiamat the Ruffian (level 4, -12/35 HPs)
             Began as a Draconian Transmuter on Jan 19, 2018.
             Mangled by Robby's ghost (19 damage)
             ... on level 3 of the Dungeon.
             The game lasted 00:04:03 (1493 turns).

Tiamat the Ruffian (Draconian Transmuter)           Turns: 1493, Time: 00:04:03

Health: -12/35     AC:  2    Str: 18    XL:     4   Next: 33%
Magic:  4/7        EV: 19    Int: 14    God:
Gold:   136        SH:  0    Dex: 16    Spells: 3/7 levels left

rFire    . . .     SeeInvis .     - Unarmed
rCold    . . .     Gourm    .   (shield currently unavailable)
rNeg     . . .     Faith    .   (armour unavailable)
rPois    x         Spirit   .   (helmet currently unavailable)
rElec    .         Reflect  .   (cloak currently unavailable)
rCorr    .         Harm     .   (gloves currently unavailable)
MR       .....                  (boots currently unavailable)
Stlth    +.........             (no amulet)
HPRegen  0.11/turn              (no ring)
MPRegen  0.10/turn              (no ring)

@: mighty, spider-form
A: tiny, unfitting armour, AC +5
a: End Transformation


You were on level 3 of the Dungeon.
You were not hungry.
You were a venomous arachnid creature.
You visited 1 branch of the dungeon, and saw 3 of its levels.

You collected 136 gold pieces.

Inventory:

Missiles
 a - 12 arrows
Armour
 e - a +0 pair of gloves (melded)
Jewellery
 j - an uncursed amulet of guardian spirit {unknown}
 k - an uncursed ring of resist corrosion {unknown}
 m - a +5 ring of intelligence {unknown}
Scrolls
 d - 2 scrolls of noise {unknown}
 f - a scroll of fog {unknown}
 g - a scroll of immolation {unknown}
 l - a scroll of fear {unknown}
 o - 2 scrolls of identify {unknown}
 p - a scroll of random uselessness {unknown}
Potions
 h - 2 potions of curing {unknown}
 n - 2 potions of degeneration {unknown}
 q - a potion of haste {unknown}
Books
 b - a book of Changes

   Spells                             Type                      Level
   a - Beastly Appendage              Transmutation                1
   b - Sticks to Snakes               Transmutation                2
   c - Spider Form                    Transmutation/Poison         3
   d - Ice Form                       Ice/Transmutation            4
   e - Blade Hands                    Transmutation                5
Comestibles
 c - 5 rations
 r - a chunk of flesh


   Skills:
 - Level 1.1 Fighting
 - Level 1.7 Dodging
 * Level 4.6 Unarmed Combat
 - Level 2.0 Spellcasting
 + Level 3.0 Transmutations


You had 3 spell levels left.
You knew the following spells:

 Your Spells              Type           Power        Failure   Level  Hunger
a - Beastly Appendage     Tmut           ##....       19%         1    ##.....
b - Spider Form           Tmut/Pois      #.........   58%         3    ####...


Dungeon Overview and Level Annotations

Branches:
Dungeon (3/15)

Altars:
Fedhas
Gozag
Hepliaklqana

Annotations:
D:3 Robby's ghost, amateur HOBe


Innate Abilities, Weirdness & Mutations

((Your plain brown scales are hard. (AC +5)))
You cannot fit into any form of body armour.
((You are cold-blooded and may be slowed by cold attacks.))


Message History

Okay, then.
You now have 136 gold pieces (gained 9).
Robby's ghost whispers, "The ORB doesn't exist."
Okay, then.
It was a potion of might.
You feel very mighty all of a sudden.
Casting: Beastly Appendage
Confirm with . or Enter, or press ? or * to list all spells.
You turn into a venomous arachnid creature.
Your +0 pair of gloves melds into your body.
Robby's ghost hits you!!
Ouch! That really hurt!
* * * LOW HITPOINT WARNING * * *
You bite Robby's ghost!
Robby's ghost is moderately damaged.
Robby's ghost completely misses you.
There is a stone staircase leading up here.
Robby's ghost hits you!!
Ouch! That really hurt!
You die...

...#.#.#..###.###.#.#
.....................
.......#..###(.#..#.#
.#.#.###..##......#.#
.## #.###....รท.(......
.... #......#..#.##.#.#
#...# #####.^.....)....#
#...# #...W...##.###
#...# ##.##s#.# #
##...##### #.##........
.........####.##.#.##..#
..............##..... #
.........######### ##.
##...##### # ##...#
#....# .#...##


You could see Robby's ghost.

Vanquished Creatures
  3 gnolls (D:2)
  An adder (D:3)
  An ooze (D:1)
  2 worms
  An orc (D:3)
  5 ball pythons (D:1)
  2 giant cockroaches (D:1)
  5 goblins
  6 hobgoblins
  A quokka (D:2)
  3 bats (D:1)
  2 frilled lizards (D:1)
  5 kobolds
  6 rats (D:1)
43 creatures vanquished.

Notes
Turn   | Place    | Note
-------+----------+-------------------------------------------
     0 | D:1      | Tiamat the Draconian Transmuter began the quest for the Orb.
     0 | D:1      | Reached XP level 1. HP: 16/16 MP: 3/3
   182 | D:1      | Reached XP level 2. HP: 12/23 MP: 3/5
   551 | D:1      | Reached XP level 3. HP: 22/28 MP: 4/6
   556 | D:1      | Learned a level 3 spell: Spider Form
   711 | D:2      | Found an opulent altar of Gozag.
   722 | D:2      | Reached skill level 4 in Unarmed Combat
   775 | D:2      | Found a hazy altar of Hepliaklqana.
   862 | D:2      | Reached XP level 4. HP: 21/35 MP: 1/7
   958 | D:2      | Found a blossoming altar of Fedhas.
  1479 | D:3      | Noticed Robby's ghost (amateur HOBe)
  1493 | D:3      | Mangled by Robby's ghost

Skill      XL: |  1  2  3  4 |
---------------+-------------+-----
Unarmed Combat | 4 |  4.6
Transmutations | 3 |  3.0
Fighting       | |  1.1
Dodging        | |  1.7
Spellcasting   | |  2.0

Action                   |  1- 3 |  4- 6 || total
-------------------------+-------+-------++-------
Melee: Unarmed           |   119 |    45 ||   164
       Kick              |     7 |     2 ||     9
       Tailslap          |     3 |     3 ||     6
       Headbutt          |       |     1 ||     1
 Cast: Beastly Appendage |    12 |     4 ||    16
       Spider Form       |     3 |     3 ||     6
  Use: Potion            |       |     1 ||     1
  Eat: Chunk             |       |     3 ||     3
Armor: Skin              |    31 |     5 ||    36
Dodge: Dodged            |    96 |    27 ||   123
